 Dungeon Crawl Stone Soup version 0.26-a0-651-gb41185065b (webtiles) character file.

Game seed: 16095258893375308253

14397 Flugslaktarn the Cleaver (level 11, 41/108 HPs)
             Began as a Deep Dwarf Fighter on Oct 21, 2020.
             Was an Elder of Makhleb.
             Quit the game in an ice cave.
             The game lasted 00:05:56 (6489 turns).

Flugslaktarn the Cleaver (Deep Dwarf Fighter)       Turns: 6489, Time: 00:05:56

Health: 41/108     AC: 23    Str: 21    XL:     11   Next: 88%
Magic:  7/7        EV:  8    Int:  8    God:    Makhleb [****..]
Gold:   321        SH: 10    Dex: 15    Spells: 10/10 levels left

rFire    . . .     SeeInvis .   a - +0 war axe
rCold    + . .     Faith    .   p - +0 kite shield
rNeg     . . .     Spirit   .   e - +0 plate armour
rPois    .         Reflect  .   y - +2 helmet
rElec    .         Harm     .   u - +0 cloak
rCorr    .         Rampage  .   l - +2 pair of gloves
MR       +....                  E - +0 pair of boots
Stlth    ..........             (no amulet)
HPRegen  0.00/turn              c - ring of protection from cold
MPRegen  0.10/turn              (no ring)

@: non-regenerating, slowed, very slow
A: damage resistance, heal wounds, sense surroundings 2, no regeneration
a: Heal Wounds, Minor Destruction, Lesser Servant of Makhleb, Major Destruction,
Renounce Religion


You were in an ice cave.
You worshipped Makhleb.
Makhleb was greatly pleased with you.
You visited 2 branches of the dungeon, and saw 12 of its levels.
You also visited: Ossuary and Ice Cave.

You collected 416 gold pieces.
You spent 95 gold pieces at shops.

Inventory:

Hand Weapons
 a - a +0 war axe (weapon)
Armour
 e - a +0 plate armour (worn)
   (You took it off an orc warrior on level 5 of the Dungeon)
 l - a +2 pair of gloves (worn)
   (You found it on level 4 of the Dungeon)
 p - a +0 kite shield (worn)
 u - a +0 cloak (worn)
   (You found it on level 9 of the Dungeon)
 y - a +2 helmet (worn)
   (You found it in an ossuary)
 E - a +0 pair of boots (worn)
   (You found it on level 10 of the Dungeon)
 I - a cursed -1 pair of boots
   (You found it on level 11 of the Dungeon)
Jewellery
 c - a ring of protection from cold (left hand)
   (You found it on level 6 of the Dungeon)
Wands
 o - a wand of iceblast (11)
   (You found it on level 8 of the Dungeon)
 v - a wand of enslavement (4)
   (You took it off a centaur on level 5 of the Dungeon)
 H - a wand of paralysis (8)
   (You found it on level 10 of the Dungeon)
Scrolls
 b - a scroll of enchant armour
 f - 2 scrolls of fog
 g - a scroll of enchant weapon
 n - a scroll of blinking {unknown}
 r - a scroll of identify
 s - a scroll of vulnerability {unknown}
 t - a scroll of teleportation
 x - 7 scrolls of remove curse
 z - a scroll of magic mapping {unknown}
 A - 3 scrolls of fear
 B - 2 scrolls of silence {unknown}
 D - 2 scrolls of immolation
Potions
 d - 3 potions of might
 h - a potion of haste
 i - 4 potions of flight
 j - a potion of magic
 k - a potion of ambrosia
 m - 2 potions of cancellation
 q - 7 potions of curing
 w - 3 potions of heal wounds
 F - 2 potions of experience {unknown}
 G - a potion of berserk rage {unknown}
Miscellaneous
 C - a tin of tremorstones (inert)
   (You found it on level 11 of the Dungeon)


   Skills:
 * Level 9.9 Fighting
 * Level 11.4 Axes
 + Level 8.7 Armour
 + Level 7.3 Dodging
 - Level 4.3 Shields
 + Level 8.5 Invocations
 + Level 4.7 Evocations


You had 10 spell levels left.
You didn't know any spells.
Your spell library was empty.

Dungeon Overview and Level Annotations

Branches:
Dungeon (11/15)            Temple (1/1) D:6            Lair (0/6) D:10
    Orc (0/2) D:9         Ossuary (visited)           IceCv (1/1)

Altars:
Ashenzari
Cheibriados
Elyvilon
Gozag
Kikubaaqudgha
Makhleb
Okawaru
Qazlal
Uskayaw
Xom

Shops:
D:4 *   D:8 =

Annotations:
D:8 Prince Ribbit
D:9 1 runed translucent door, btv's ghost, novice TrFi


Innate Abilities, Weirdness & Mutations

You are resistant to damage.
You can heal yourself by infusing magical energy.
You passively map the area around you.
You do not regenerate.


Message History

The freezing wraith closely misses you. The Executioner gestures at you.
You easily resist.
Your smoke demon hits the freezing wraith.
Your smoke demon hits the freezing wraith but does no damage. x2
The white imp closely misses your smoke demon.
You block the freezing wraith's attack. The freezing wraith hits you.
The white imp closely misses your smoke demon.
The Executioner hits you. The Executioner completely misses you.
The Executioner barely misses you.
Your smoke demon hits the freezing wraith but does no damage.
Your smoke demon hits the freezing wraith.
Your smoke demon hits the freezing wraith but does no damage.
Evoke which item? (* to show all) (? for menu, Esc to quit)
Aiming: Iceblast
Press: ? - help, Shift-Dir - straight line, f - Executioner
Aim: an Executioner (summoned, fast) That beam is likely to hit you.
Continue anyway?
Okay, then.
Are you sure you want to abandon this character and quit the game? (Confirm with "yes".)

#........###..#
##..## * ##.......#
#..## ##...# ,
*##......# ##..#
##...## , #......##
##.####...##
##...#..##
#..##...## *
#)}###..####..#3.##
* * #.[#
##..#≈#.....# ,
######..## ##...##
, * ##1@### ≈#####*
* #WW##.## ≈≈ ,,
#3W#.W.## ≈ ** **
#55#...5# ≈ * * *
##5..#5W.55.. * ,
##..#.5.Z5..
#####8.ZZ..8 * , ,
* .ZZ5.. ,* , *
Z.Z5_.


You could see an Executioner (summoned, fast), 3 freezing wraiths, 3 white imps
and a friendly smoke demon (summoned).

Vanquished Creatures
  Gastronok (D:10)
  Josephine (D:11)
  Fannar (D:11)
  A two-headed ogre (D:9)
  Joseph (D:8)
  Maggie (D:8)
  2 rime drakes (D:11)
  5 freezing wraiths (IceCv)
  A hippogriff (D:11)
  4 wraiths (D:11)
  A wyvern (D:8)
  A steam dragon (D:7)
  4 vampire mosquitoes (D:11)
  Menkaure (D:5)
  4 wargs
  Duvessa (D:7)
  2 water moccasins
  5 orc warriors
  8 ice beasts
  3 sky beasts
  A black bear (D:11)
  7 ogres
  2 alligator simulacra (IceCv)
  4 centaurs
  A crocodile (D:10)
  A big kobold (D:11)
  Blork the orc (D:5)
  5 bullfrogs
  5 water moccasin zombies
  Dowan (D:7)
  5 scorpions
  An elephant simulacrum (IceCv)
  9 killer bees
  A howler monkey (D:5)
  4 wights (D:10)
  A crimson imp (D:6)
  A centaur zombie (D:7)
  A bullfrog zombie (D:9)
  2 hounds (D:7)
  8 orc priests
  3 jellies
  11 orc wizards
  2 centaur skeletons (D:8)
  2 iguanas
  3 worker ants
  A wolf simulacrum (IceCv)
  4 big kobold zombies (Ossuary)
  A killer bee zombie (D:7)
  A hound zombie (D:5)
  2 hound skeletons
  3 mummies
  A howler monkey zombie (D:6)
  11 adders
  A shadow imp (D:8)
  10 white imps
  An ufetubus (D:8)
  7 adder zombies
  2 worms
  4 leopard geckos
  33 orcs
  A bat (D:3)
  3 giant cockroaches
  A goblin (D:3)
  A hobgoblin (D:9)
  12 jackals
  4 quokkas
  3 frilled lizards
  5 gnoll zombies (Ossuary)
  A goblin zombie (D:8)
  6 hobgoblin zombies (Ossuary)
  4 kobolds
  5 kobold zombies
  9 orc zombies (Ossuary)
  A quokka skeleton (D:8)
  3 rats
271 creatures vanquished.

Vanquished Creatures (collateral kills)
  2 freezing wraiths (IceCv)
  An ice beast (IceCv)
  A white imp (IceCv)
4 creatures vanquished.

Vanquished Creatures (others)
  2 plants (D:10)
  3 withered plants (D:5)
5 creatures vanquished.

Grand Total: 280 creatures vanquished

Notes
Turn   | Place    | Note
-------+----------+-------------------------------------------
     0 | D:1      | Flugslaktarn the Deep Dwarf Fighter began the quest for the
                  | Orb.
     0 | D:1      | Reached XP level 1. HP: 20/20 MP: 1/1
   209 | D:3      | Reached XP level 2. HP: 27/27 MP: 2/2
   353 | D:4      | Reached skill level 3 in Axes
   353 | D:4      | Reached XP level 3. HP: 20/34 MP: 3/3
   406 | D:4      | Found a broken altar of Ashenzari.
   460 | D:4      | Found Henimyivu's Assorted Antiques.
   477 | D:4      | Reached XP level 4. HP: 41/42 MP: 4/4
   479 | D:4      | Bought a scroll labeled ATWIYH ZALEQULYMY for 33 gold
                  | pieces
  1019 | D:5      | Entered Level 5 of the Dungeon
  1027 | D:5      | Noticed Menkaure
  1036 | D:5      | Killed Menkaure
  1036 | D:5      | Reached skill level 4 in Axes
  1036 | D:5      | Reached XP level 5. HP: 18/50 MP: 5/5
  1089 | D:5      | You fall into a shaft and drop 2 floors!
  1099 | D:7      | Reached XP level 6. HP: 17/57 MP: 6/6
  1229 | D:6      | Found a staircase to the Ecumenical Temple.
  1247 | Temple   | Entered the Ecumenical Temple
  1300 | Temple   | Became a worshipper of Makhleb the Destroyer
  1356 | D:6      | Reached skill level 1 in Dodging
  1385 | D:6      | Noticed an orc warrior
  1392 | D:6      | Reached skill level 5 in Axes
  1396 | D:6      | Killed an orc warrior
  1396 | D:6      | Reached XP level 7. HP: 36/66 MP: 6/6
  1396 | D:6      | Reached skill level 1 in Invocations
  1533 | D:6      | Reached skill level 5 in Fighting
  2064 | D:5      | Reached skill level 5 in Armour
  2104 | D:5      | Reached skill level 6 in Axes
  2114 | D:5      | Reached * piety under Makhleb
  2166 | D:5      | Reached XP level 8. HP: 47/75 MP: 6/8
  2395 | D:5      | Noticed Blork the orc
  2400 | D:5      | Killed Blork the orc
  2433 | D:5      | Found an ancient bone altar of Kikubaaqudgha.
  2710 | D:4      | Bought a scroll labeled NUMA GANAHIEQONAY for 33 gold
                  | pieces
  2710 | D:4      | Bought a lumpy white potion for 29 gold pieces
  2838 | D:7      | Reached skill level 7 in Axes
  3158 | D:7      | Gained mutation: You passively map the area around you.
                  | [Deep Dwarf growth]
  3158 | D:7      | Reached XP level 9. HP: 28/85 MP: 10/10
  3223 | D:7      | Noticed Duvessa
  3223 | D:7      | Noticed Dowan
  3231 | D:7      | Killed Duvessa
  3252 | D:7      | Killed Dowan
  3559 | D:8      | Reached skill level 8 in Axes
  3585 | D:8      | Noticed Joseph
  3728 | D:8      | Reached skill level 5 in Invocations
  3732 | D:8      | Reached ** piety under Makhleb
  3761 | D:8      | Killed Joseph
  3842 | D:8      | Found a sand-covered staircase.
  3853 | Ossuary  | Entered an ossuary
  3969 | Ossuary  | Reached skill level 5 in Dodging
  4035 | Ossuary  | Reached *** piety under Makhleb
  4131 | D:8      | Noticed Prince Ribbit
  4233 | D:8      | Found Gopaalo's Jewellery Shoppe.
  4265 | D:8      | Reached skill level 9 in Axes
  4305 | D:8      | Noticed Maggie
  4316 | D:8      | Killed Maggie
  4316 | D:8      | Reached XP level 10. HP: 70/96 MP: 10/10
  4442 | D:9      | Found a staircase to the Orcish Mines.
  4473 | D:9      | Reached **** piety under Makhleb
  4484 | D:9      | Noticed a two-headed ogre
  4496 | D:9      | Killed a two-headed ogre
  4697 | D:9      | Found a runed translucent door.
  4698 | D:9      | Found a shimmering altar of Xom.
  4698 | D:9      | Noticed a +6 mace of chaos
  4701 | D:9      | Noticed btv's ghost (novice TrFi)
  5063 | D:10     | Entered Level 10 of the Dungeon
  5304 | D:10     | Found a staircase to the Lair.
  5305 | D:10     | Reached skill level 10 in Axes
  5314 | D:10     | Reached skill level 1 in Evocations
  5359 | D:10     | Reached ***** piety under Makhleb
  5730 | D:10     | Noticed Gastronok
  5748 | D:10     | Killed Gastronok
  5748 | D:10     | Reached XP level 11. HP: 37/106 MP: 11/11
  6017 | D:11     | Noticed Fannar
  6054 | D:11     | Killed Fannar
  6190 | D:11     | Noticed Josephine
  6215 | D:11     | Killed Josephine
  6215 | D:11     | Reached skill level 11 in Axes
  6228 | D:11     | Found a frozen archway.
  6239 | IceCv    | Entered an ice cave
  6470 | IceCv    | Found an ancient bone altar of Kikubaaqudgha.
  6478 | IceCv    | Noticed an Executioner
  6489 | IceCv    | Quit the game

Illustrated notes

Levels and vault maps discovered:
D:1:      saegor_arrival_simple_d, layout_basic
D:2:      layout_basic, lemuel_doored_altar, kennysheep_path_1
D:3:      layout_basic, chequers_temple_overflow_minitemple, serial_undead,
          serial_undead_f, serial_undead_e, serial_undead_d, serial_undead_a
D:4:      layout_cave_pods, serial_shops, shop, ashenzari_altar_1
D:5:      layout_loops_ring, kiku_gazebo_garden_becter, minmay_misc_feat_cross,
          uniq_blork_the_orc, uniq_menkaure
D:6:      layout_cave_pods, minmay_temple_entry_mini_moons,
          minmay_fire_ice_demons
D:7:      layout_loops_ring, uniq_duvessa
D:8:      layout_rooms, serial_shops, shop, nicolae_ossuary_entry_giza,
          uniq_joseph, uniq_maggie, uniq_prince_ribbit1
D:9:      layout_loops_ring, erik_orc_4, ebering_ghost_xom
D:10:     layout_basic, erik_lair_orcish_takeover, uniq_gastronok
D:11:     layout_irregular_city, portal_ice_cave_rime, uniq_fannar,
          uniq_josephine
Temple:   regret_index_temple_waves
IceCv:    ice_cave_small_necro

Skill      XL: |  1  2  3  4  5  6  7  8  9 10 11 |
---------------+----------------------------------+-----
Fighting       | 3 4 5 6 7 9 |  9.9
Axes           | 3 4 5 6 7 9 10 11 | 11.4
Armour         | 4 5 6 7 8 |  8.7
Shields        | 4 |  4.3
Dodging        | 1 2 3 5 6 7 |  7.3
Invocations    | 2 4 6 7 8 |  8.5
Evocations     | 2 4 |  4.7

Action                   |  1- 3 |  4- 6 |  7- 9 | 10-12 || total
-------------------------+-------+-------+-------+-------++-------
Melee: War axe           |    59 |    84 |   511 |   386 ||  1040
Invok: Lesser Servant of |       |       |       |     5 ||     5
       Greater Servant o |       |       |       |     1 ||     1
 Abil: Heal Wounds       |     1 |     4 |    15 |    19 ||    39
Evoke: Tin of tremorston |       |       |       |     3 ||     3
  Use: Scroll            |       |       |    11 |    11 ||    22
       Potion            |       |       |       |     2 ||     2
 Stab: Distracted        |       |       |       |     1 ||     1
Armor: Scale mail        |    13 |    31 |    32 |       ||    76
       Plate armour      |       |       |   238 |   485 ||   723
Dodge: Dodged            |    20 |    28 |   150 |   197 ||   395
Block: Kite shield       |    30 |    47 |   284 |   293 ||   654

Table legend: (Time is in decaauts)
 A = Elapsed time spent in this place.
 B = Non-inter-level travel time spent in this place.
 C = Inter-level travel time spent in this place.
 D = Time resting spent in this place.
 E = Time spent auto-exploring this place.
 F = Levels seen in this place.
 G = Mean time per level.
                   A        B        C        D        E       F      G
               +--------+--------+--------+--------+--------+-----+--------+
         Total |   6746 |   6307 |    439 |    134 |   4150 |  14 |  481.9 |
       Dungeon |   6091 |   5678 |    413 |    100 |   3975 |  11 |  553.7 |
        Temple |     60 |     34 |     26 |      0 |     32 |   1 |   60.0 |
       Ossuary |    264 |    264 |      0 |      0 |     62 |   1 |  264.0 |
      Ice Cave |    330 |    330 |      0 |     34 |     81 |   1 |  330.0 |
               +--------+--------+--------+--------+--------+-----+--------+

Top non-repeatable levels by time:
    D:10: 925 daAuts
     D:7: 891 daAuts
     D:6: 848 daAuts
     D:4: 794 daAuts
     D:5: 757 daAuts
     D:8: 639 daAuts
     D:9: 620 daAuts
   IceCv: 330 daAuts
    D:11: 292 daAuts
 Ossuary: 264 daAuts
     D:2: 125 daAuts
     D:3: 111 daAuts
     D:1: 84 daAuts
  Temple: 60 daAuts
